Map: Catalyst LE

Players

TabletGamer - Winner!

  • Race: Protoss Protoss
  • League: Diamond
  • Spawn Location: 5:00

Rye

  • Race: Zerg Zerg
  • League: Diamond
  • Spawn Location: 11:00

VOD

Have the link to the VOD?

Description

Time

  • Played on: Nov. 27, 2017, 4:47 a.m.
  • Length: 7:13
Show
View Real Time Build Order
Export as new Build Order

TabletGamer Protoss - Winner!

Build Orders: 1 Gate Expand 

Get SALT Encoding   

  12  0:01  Probe  
  13  0:13  Probe  
  14  0:17  Pylon  
  14  0:25  Probe (Chrono Boost)  
  15  0:37  Probe (Chrono Boost)  
  16  0:43  Gateway  
  16  0:44  Probe (Chrono Boost)  
  17  0:51  Assimilator  
  17  0:53  Probe  
  18  1:02  Assimilator  
  18  1:05  Probe  
  19  1:19  Probe  
  20  1:32  Cybernetics Core  
  20  1:41  Nexus  
  20  1:44  Probe  
  21  1:53  Zealot (Chrono Boost)  
  23  2:04  Pylon  
  23  2:08  Warp Gate (Chrono Boost)  
  23  2:22  Probe  
  26  2:23  Stalker (Chrono Boost)  
  26  2:34  Probe  
  26  2:36  Twilight Council  
  27  2:46  Probe  
  28  2:52  Sentry  
  28  2:55  Probe  
  31  2:58  Probe  
  31  2:59  Pylon  
  32  3:08  Probe  
  33  3:15  Probe  
  33  3:18  Charge (Chrono Boost)  
  34  3:28  Gateway  
  34  3:29  Gateway  
  34  3:34  Gateway  
  34  3:35  Pylon  
  30  3:52  Probe x2  
  30  3:54  Shield Battery  
  32  4:06  Zealot  
  35  4:10  Probe x2  
  36  4:25  Stalker x2  
  40  4:54  Pylon  
  40  5:00  Zealot x2  
  40  5:01  Zealot x2  
  48  5:31  Zealot x4  
  56  5:53  Gateway  
  56  5:56  Gateway  
  56  5:57  Gateway  
  56  6:00  Gateway  
  56  6:02  Pylon  
  56  6:04  Pylon  
  56  6:05  Pylon  
  56  6:07  Zealot x4  
  62  6:31  Gateway, Zealot x4  
  66  7:01  Zealot x2  
  66  7:02  Zealot x2  
  66  7:04  Zealot  
  66  7:05  Zealot x3  
Show
View Real Time Build Order
Export as new Build Order

Rye Zerg 

Build Orders: Hatch First 

Get SALT Encoding   

  12  0:05  Drone  
  13  0:13  Overlord  
  13  0:20  Drone  
  14  0:32  Drone x2  
  16  0:37  Drone  
  17  0:54  Hatchery  
  16  1:00  Drone  
  16  1:03  Extractor  
  16  1:19  Spawning Pool  
  16  1:20  Drone x2  
  17  1:32  Drone  
  18  1:44  Drone  
  19  2:01  Drone  
  19  2:06  Queen x2  
  19  2:07  Zergling x2  
  19  2:08  Zergling x2  
  26  2:13  Metabolic Boost  
  26  2:16  Drone  
  26  2:17  Drone  
  28  2:33  Overlord x2  
  28  2:52  Zergling x6  
  28  2:56  Drone  
  28  2:58  Hatchery  
  31  2:59  Queen  
  32  3:13  Zergling x6  
  34  3:21  Queen  
  35  3:52  Drone x7  
  42  3:58  Lair  
  42  4:14  Evolution Chamber  
  41  4:41  Roach Warren  
  38  4:52  Extractor  
  37  4:53  Extractor, Drone x5  
  37  4:55  Queen  
  37  4:56  Queen x2  
  47  5:13  Overlord x4  
  47  5:39  Queen x3  
  47  5:42  Drone x5  
  58  5:43  Drone x7  
  65  6:00  Spore Crawler  
  65  6:01  Overlord x3  
  64  6:09  Overlord  
  64  6:16  Zergling x12  
  64  6:24  Roach x3  
  64  6:25  Roach x5  
  78  6:34  Queen  
  78  6:36  Roach x3  
  85  6:44  Roach  
Tags
 
Add a new tag
Caveats
  • Supply blocks, unpowered buildings, or Contaminate may cause inaccurate times.
  • Supply counts are checked every 10 seconds.